 Dungeon Crawl Stone Soup version 0.31.0-32-g396128a36d (webtiles) character file.

Game seed: 18356843811927750706

761 601d51SH the Shield-Bearer (level 7, -3/60 HPs)
             Began as a Gnoll Fighter on Mar 31, 2024.
             Slain by an orc
             ... wielding a +0 flail
              (5 damage)
             ... on level 5 of the Dungeon.
             The game lasted 00:05:45 (3260 turns).

601d51SH the Shield-Bearer (Gnoll Fighter)          Turns: 3260, Time: 00:05:46

Health: -3/60      AC: 10    Str: 23    XL:     7   Next: 80%
Magic:  11/11      EV: 12    Int:  7    God:
Gold:   173        SH:  5    Dex: 12    Spells: 11/11 levels left

rFire   . . .        s - +2 whip (freeze)
rCold   . . .        c - +0 buckler
rNeg    . . .        t - +2 robe {Will+}
rPois   .            o - +2 hat
rElec   .            (no cloak)
rCorr   .            (no gloves)
SInv    .            (no boots)
Will    +....        (no amulet)
Stlth   ++           l - +4 ring of protection
HPRegen 0.30/turn    i - +6 ring of strength
MPRegen 0.12/turn

%: no passive effects
@: lethally poisoned (-3 -> -11)
A: fangs 1, strong nose, distributed training
a: no special abilities


You were on level 5 of the Dungeon.
You visited 1 branch of the dungeon, and saw 5 of its levels.

You collected 173 gold pieces.

Inventory:

Hand Weapons
 a - a +0 war axe
 p - a +0 short sword of draining
 s - a +2 whip of freezing (weapon)
Missiles
 B - 2 throwing nets (quivered)
Armour
 b - a +0 scale mail
 c - a +0 buckler (worn)
 o - a +2 hat (worn)
 q - a +2 barding
 t - a +2 robe of willpower (worn)
Jewellery
 g - a ring of magical power
 i - a +6 ring of strength (right hand)
 l - a +4 ring of protection (left hand)
 y - a ring of willpower
Wands
 k - a wand of iceblast (12)
Scrolls
 f - 2 scrolls of fear {unknown}
 h - 2 scrolls of enchant weapon {unknown}
 j - 5 scrolls of identify {unknown}
 n - a scroll of vulnerability {unknown}
 r - a scroll of silence {unknown}
 w - a scroll of fog {unknown}
 x - 2 scrolls of amnesia {unknown}
 A - a scroll of teleportation {unknown}
Potions
 d - a potion of might
 e - 4 potions of magic {unknown}
 m - a potion of brilliance {unknown}
 u - a potion of curing {unknown}
 v - a potion of mutation {unknown}
 z - a potion of berserk rage {unknown}


   Skills:
 + Level 7.2 Fighting
 + Level 2.8 Short Blades
 + Level 2.8 Long Blades
 + Level 5.4 Axes
 + Level 2.8 Maces & Flails
 + Level 2.8 Polearms
 + Level 2.8 Staves
 + Level 2.8 Ranged Weapons
 + Level 2.8 Throwing
 + Level 7.2 Armour
 + Level 2.8 Dodging
 + Level 2.8 Stealth
 + Level 7.2 Shields
 + Level 2.8 Unarmed Combat
 + Level 2.8 Spellcasting
 + Level 2.3 Conjurations
 + Level 2.3 Hexes
 + Level 2.3 Summonings
 + Level 2.3 Necromancy
 + Level 2.3 Translocations
 + Level 2.3 Fire Magic
 + Level 2.3 Ice Magic
 + Level 2.3 Air Magic
 + Level 2.3 Earth Magic
 + Level 2.3 Alchemy
 + Level 3.1 Invocations
 + Level 2.8 Evocations
 + Level 2.5 Shapeshifting


You had 11 spell levels left.
You didn't know any spells.
Your spell library contained the following spells:

 Spells                   Type           Power      Damage    Failure   Level
 Sandblast                Erth           8%         2d5       16%         1
 Static Discharge         Conj/Air       8%         3-4/arc   24%         2
 Passwall                 Erth           4%         N/A       43%         3
 Stone Arrow              Conj/Erth      8%         3d7       43%         3
 Airstrike                Air            2%         2d(1-17)  83%         4
 Brom's Barrelling Bould  Conj/Erth      4%         2d3       83%         4
 Summon Lightning Spire   Summ/Air       4%         N/A       83%         4


Dungeon Overview and Level Annotations

Branches:
Dungeon (5/15)
 Temple: D:4-7

Altars:
Vehumet

Shops:
D:1 *


Innate Abilities, Weirdness & Mutations

You have very sharp teeth.
Your uncanny sense of smell can sniff out nearby items.
Your experience applies equally to all skills.


Message History

The orc priest casts a cantrip, but nothing happens.
You hit the orc wizard. You freeze the orc wizard.
The orc wizard is heavily wounded.
You feel sick. The jackal barely misses you.
You hit the orc wizard. You freeze the orc wizard.
You kill the orc wizard!
You feel sick. The jackal closely misses you.
The orc hits you with a +0 falchion.
* * * LOW HITPOINT WARNING * * *
You block the orc's attack. The orc barely misses you.
You block the orc priest's attack. The orc barely misses you.
You hit the orc priest. You freeze the orc priest.
The orc priest is lightly wounded.
You feel sick. The jackal closely misses you. The orc closely misses you.
The orc hits you but does no damage. You block the orc's attack.
The orc barely misses you.
The orc priest hits you but does no damage.
The jackal bites you but does no damage.
You whack the orc priest! You freeze the orc priest.
The orc priest is severely wounded.
You feel sick. The orc closely misses you. The orc completely misses you.
The orc hits you but does no damage.
The orc priest hits you with a +0 dagger of venom.
* * * LOW HITPOINT WARNING * * *
You are lethally poisoned!
The jackal bites you but does no damage.
You hit the orc but do no damage.
* * * LOW HITPOINT WARNING * * *
You feel very sick. The jackal barely misses you. The orc closely misses you.
The orc misses you. You block the orc's attack.
The orc hits you with a +0 whip.
* * * LOW HITPOINT WARNING * * *
The orc priest barely misses you. The orc closely misses you.
The jackal barely misses you.
You closely miss the orc.
* * * LOW HITPOINT WARNING * * *
You feel sick. The orc hits you but does no damage. The orc misses you.
The orc barely misses you. You block the orc priest's attack.
The orc hits you but does no damage. The orc hits you with a +0 flail.
You die...

#.#.....#. #...#
#.#..##.# ....#
#.#...#.# #
##...#######.#####†#
#.#..................#
#....#.#######.#######
##>.........###.#######.
......oo###.............
.....oo@o.......########
......ho###...###
........# #.#..#
........# #.##.#
........# #.# .#
........# #.# ..
........# #.# #.#
........# #.# .#


You could see an orc priest, 5 orcs and a jackal.

Vanquished Creatures
  Pikel (D:4)
  A scorpion (D:5)
  3 orc wizards
  3 gnolls (D:3)
  7 adders
  4 dart slugs
  2 ribbon worms
  13 orcs
  3 ball pythons
  6 bats
  3 endoplasms
  8 hobgoblins
  9 jackals
  2 kobolds
  5 quokkas
  2 frilled lizards (D:3)
  9 goblins
  5 rats
86 creatures vanquished.

Notes
Turn   | Place    | Note
-------+----------+-------------------------------------------
     0 | D:1      | 601d51SH the Gnoll Fighter began the quest for the Orb.
     0 | D:1      | Reached XP level 1. HP: 23/23 MP: 1/1
   136 | D:1      | Reached XP level 2. HP: 29/29 MP: 2/2
   138 | D:1      | Found Fuewkevi's Assorted Antiques.
   837 | D:2      | Reached XP level 3. HP: 35/35 MP: 3/3
   870 | D:2      | Reached skill level 1 in Invocations
   934 | D:2      | Reached skill level 1 in Short Blades
   934 | D:2      | Reached skill level 1 in Long Blades
   934 | D:2      | Reached skill level 1 in Maces & Flails
   934 | D:2      | Reached skill level 1 in Polearms
   934 | D:2      | Reached skill level 1 in Staves
   934 | D:2      | Reached skill level 1 in Ranged Weapons
   934 | D:2      | Reached skill level 1 in Throwing
   934 | D:2      | Reached skill level 1 in Dodging
   934 | D:2      | Reached skill level 1 in Stealth
   934 | D:2      | Reached skill level 1 in Unarmed Combat
   934 | D:2      | Reached skill level 1 in Spellcasting
   934 | D:2      | Reached skill level 1 in Evocations
  1829 | D:3      | Reached skill level 1 in Shapeshifting
  1829 | D:3      | Reached XP level 4. HP: 41/41 MP: 5/5
  1923 | D:3      | Reached skill level 1 in Conjurations
  1923 | D:3      | Reached skill level 1 in Hexes
  1923 | D:3      | Reached skill level 1 in Summonings
  1923 | D:3      | Reached skill level 1 in Necromancy
  1923 | D:3      | Reached skill level 1 in Translocations
  1923 | D:3      | Reached skill level 1 in Fire Magic
  1923 | D:3      | Reached skill level 1 in Ice Magic
  1923 | D:3      | Reached skill level 1 in Air Magic
  1923 | D:3      | Reached skill level 1 in Earth Magic
  1923 | D:3      | Reached skill level 1 in Alchemy
  1931 | D:3      | Reached XP level 5. HP: 41/47 MP: 5/7
  2159 | D:3      | Found a radiant altar of Vehumet.
  2364 | D:4      | Noticed a lemure
  2364 | D:4      | Noticed a lemure
  2365 | D:4      | Noticed Pikel
  2365 | D:4      | Noticed a lemure
  2366 | D:4      | Noticed a lemure
  2386 | D:4      | Killed Pikel
  2387 | D:4      | Reached skill level 5 in Axes
  2387 | D:4      | Reached XP level 6. HP: 48/55 MP: 7/9
  2387 | D:4      | Reached XP level 7. HP: 52/60 MP: 7/10
  3129 | D:5      | Entered Level 5 of the Dungeon
  3259 | D:5      | HP: 3/60 [orc/+0 whip (3)]
  3260 | D:5      | Slain by an orc

Illustrated notes

Levels and vault maps discovered:
D:1:      lemuel_arrival_funnel, layout_loops_ring, serial_shops,
          nicolae_shop_overgrown_old_shop
D:2:      layout_basic, minmay_hedge_maze
D:3:      layout_rooms, mainiacjoe_overflow_surrounded_room, minivault_14,
          minmay_misc_feat_alley
D:4:      layout_loops_ring, uniq_pikel
D:5:      layout_basic, minmay_checkerbox

Skill      XL: |  1  2  3  4  5  6  7 |
---------------+----------------------+-----
Invocations    | 1 2 3 |  3.1
Short Blades   | 1 2 |  2.8
Long Blades    | 1 2 |  2.8
Maces & Flails | 1 2 |  2.8
Polearms       | 1 2 |  2.8
Staves         | 1 2 |  2.8
Ranged Weapons | 1 2 |  2.8
Throwing       | 1 2 |  2.8
Dodging        | 1 2 |  2.8
Stealth        | 1 2 |  2.8
Unarmed Combat | 1 2 |  2.8
Spellcasting   | 1 2 |  2.8
Evocations     | 1 2 |  2.8
Shapeshifting  | 1 2 |  2.5
Conjurations   | 1 2 |  2.3
Hexes          | 1 2 |  2.3
Summonings     | 1 2 |  2.3
Necromancy     | 1 2 |  2.3
Translocations | 1 2 |  2.3
Fire Magic     | 1 2 |  2.3
Ice Magic      | 1 2 |  2.3
Air Magic      | 1 2 |  2.3
Earth Magic    | 1 2 |  2.3
Alchemy        | 1 2 |  2.3
Fighting       | 7 |  7.2
Axes           | 5 |  5.4
Armour         | 7 |  7.2
Shields        | 7 |  7.2

Action                     |  1- 3 |  4- 6 |  7- 9 || total
---------------------------+-------+-------+-------++-------
  Melee: War axe           |    70 |    70 |       ||   140
         Bite              |     2 |     7 |    10 ||    19
         Whip              |       |       |   112 ||   112
   Stab: Sleeping          |       |       |     3 ||     3
 Armour: Scale mail        |    42 |    53 |       ||    95
         Robe              |       |       |    91 ||    91
  Dodge: Dodged            |    27 |    41 |    91 ||   159
  Block: Buckler           |    20 |    15 |    41 ||    76
